AA
TUCSON CHAMELEONS @ KANSAS CITY T-BONES
07/13/2099
 
TOP OF THE 1ST
Texas AirHogs batting - Pitching for Lincoln Saltdogs : RHP Luke Spiva
Pitching: RHP Luke Spiva
Batting: RHB Justin Huffstickler 0-0: Fly out, F9 (Flyball, 89S, EV 88.1 MPH)
Batting: LHB Dustin Higgins 0-0: Ball
1-0: Ball
2-0: Called Strike
2-1: Fly out, F8 (Line Drive, 78M, EV 90.0 MPH)
Batting: LHB Melvin Valdez 0-0: Called Strike
0-1: Foul Ball, location: 2F
0-2: Foul Ball, location: 7LSF
0-2: Ball
1-2: Fly out, F9 (Flyball, 9, EV 81.3 MPH)
Top of the 1st over - 0 runs, 0 hits, 0 errors, 0 left on base; Texas 0 - Lincoln 0
BOTTOM OF THE 1ST
Lincoln Saltdogs batting - Pitching for Texas AirHogs : RHP Adam McCaskey
Pitching: RHP Adam McCaskey
Batting: RHB Ernesto Cruz 0-0: Foul Ball, location: 2F
0-1: Called Strike
0-2: SINGLE (Groundball, 4D, EV 94.4 MPH)
Batting: LHB Gustavo Gomez 0-0: Ball
Ernesto Cruz steals 2nd base (no throw)
1-0: Ball
2-0: Ball
3-0: Base on Balls
Batting: RHB Logan Hoover 0-0: Ball
1-0: Foul Ball, location: 3SF
1-1: Fly out, F7 (Flyball, 78S, EV 88.8 MPH)
Batting: LHB Steve Herron 0-0: Ball
1-0: Called Strike
1-1: Foul Ball, location: 3SF
1-2: 3-RUN HOME RUN (Flyball, 89XD, EV 110.6 MPH), Distance : 425 ft
Batting: RHB Mike Lincoln 0-0: Ball
1-0: SOLO HOME RUN (Flyball, 89XD, EV 103.8 MPH), Distance : 403 ft
Batting: RHB Luis Villa 0-0: Ball
1-0: Foul Ball, location: 25F
1-1: Ball
2-1: Foul Ball, location: 9LSFF
2-2: Foul Ball, location: 2F
2-2: Foul Ball, location: 2F
2-2: Fly out, F9 (Flyball, 9D, EV 90.0 MPH)
Batting: RHB Jim Rera 0-0: Ball
1-0: Called Strike
1-1: SINGLE (Line Drive, 78S, EV 105.6 MPH)
Batting: RHB Jordan Ruiz 0-0: Ball
1-0: Called Strike
1-1: Ball
2-1: Foul Ball, location: 5FF
2-2: Foul Ball, location: 9LDF
2-2: Ground out 5-3 (Groundball, 25, EV 88.1 MPH)
Bottom of the 1st over - 4 runs, 4 hits, 0 errors, 1 left on base; Texas 0 - Lincoln 4
TOP OF THE 2ND
Texas AirHogs batting - Pitching for Lincoln Saltdogs : RHP Luke Spiva
Batting: LHB Felipe Ruiz 0-0: Foul Ball, location: 7LSF
0-1: Swinging Strike
0-2: Strikes out swinging
Batting: SHB Jose Cervantes 0-0: Called Strike
0-1: Ball
1-1: Foul Ball, location: 2F
1-2: SINGLE (Line Drive, 6D, EV 96.3 MPH)
Batting: RHB Bob Pagano 0-0: Ball
1-0: Foul Ball, location: 5FF
1-1: Swinging Strike
1-2: Strikes out swinging
Batting: RHB Alex Conchas 0-0: Foul Ball, location: 2F
0-1: Swinging Strike
0-2: Ball
Pickoff Throw to First - Out! 1-3
Top of the 2nd over - 0 runs, 1 hit, 0 errors, 0 left on base; Texas 0 - Lincoln 4
BOTTOM OF THE 2ND
Lincoln Saltdogs batting - Pitching for Texas AirHogs : RHP Adam McCaskey
Batting: RHB Willie Balderas 0-0: Ball
1-0: Ball
2-0: Called Strike
2-1: Ball
3-1: SINGLE (Line Drive, 89S, EV 109.4 MPH)
Batting: RHB Ernesto Cruz 0-0: Ball
1-0: Ball
2-0: Ball
3-0: Called Strike
3-1: Foul Ball, location: 5FF
3-2: Strikes out looking
Batting: LHB Gustavo Gomez 0-0: Fielders Choice at 2nd, 1-6 (Groundball, 34S, EV 68.1 MPH)
Batting: RHB Logan Hoover 0-0: Ball
1-0: Ball
2-0: Fly out, F8 (Flyball, 8LXD, EV 94.4 MPH)
Bottom of the 2nd over - 0 runs, 1 hit, 0 errors, 1 left on base; Texas 0 - Lincoln 4
TOP OF THE 3RD
Texas AirHogs batting - Pitching for Lincoln Saltdogs : RHP Luke Spiva
Batting: RHB Alex Conchas 0-0: Ball
1-0: Called Strike
1-1: Ball
2-1: Ground out 1-3 (Groundball, 15S, EV 68.8 MPH)
Batting: RHB Gabriel Flores 0-0: Ground out 6-3 (Groundball, 6, EV 85.6 MPH)
Batting: RHB Danny Nunez 0-0: Ball
1-0: Ball
2-0: Called Strike
2-1: Called Strike
2-2: Strikes out swinging
Top of the 3rd over - 0 runs, 0 hits, 0 errors, 0 left on base; Texas 0 - Lincoln 4
BOTTOM OF THE 3RD
Lincoln Saltdogs batting - Pitching for Texas AirHogs : RHP Adam McCaskey
Batting: LHB Steve Herron 0-0: Ball
1-0: Ball
2-0: Ball
3-0: Called Strike
3-1: Foul Ball, location: 2F
3-2: Base on Balls
Batting: RHB Mike Lincoln 0-0: Called Strike
0-1: Foul Ball, location: 9LSF
0-2: Strikes out swinging
Batting: RHB Luis Villa 0-0: Ball
1-0: Grounds into double play, 4-6-3 (Groundball, 34, EV 81.9 MPH)
Bottom of the 3rd over - 0 runs, 0 hits, 0 errors, 0 left on base; Texas 0 - Lincoln 4
TOP OF THE 4TH
Texas AirHogs batting - Pitching for Lincoln Saltdogs : RHP Luke Spiva
Batting: RHB Justin Huffstickler 0-0: Foul Ball, location: 9LSF
0-1: Ground out 5-3 (Groundball, 56, EV 87.5 MPH)
Batting: LHB Dustin Higgins 0-0: Swinging Strike
0-1: Called Strike
0-2: Fly out, F3 (Popup, 34S, EV 85.6 MPH)
Batting: LHB Melvin Valdez 0-0: Ball
1-0: Ground out 4-3 (Groundball, 4, EV 89.4 MPH)
Top of the 4th over - 0 runs, 0 hits, 0 errors, 0 left on base; Texas 0 - Lincoln 4
BOTTOM OF THE 4TH
Lincoln Saltdogs batting - Pitching for Texas AirHogs : RHP Adam McCaskey
Batting: RHB Jim Rera 0-0: Called Strike
0-1: Ball
1-1: SOLO HOME RUN (Flyball, 78XD, EV 111.9 MPH), Distance : 421 ft
Batting: RHB Jordan Ruiz 0-0: Ball
1-0: Called Strike
1-1: Ball
2-1: Ball
3-1: Fly out, F9 (Flyball, 9S, EV 83.8 MPH)
Batting: RHB Willie Balderas 0-0: Ball
1-0: Swinging Strike
1-1: Ground out 4-3 (Groundball, 4M, EV 100.6 MPH)
Batting: RHB Ernesto Cruz 0-0: Called Strike
0-1: Called Strike
0-2: Ground out 4-3 (Groundball, 4, EV 87.5 MPH)
Bottom of the 4th over - 1 run, 1 hit, 0 errors, 0 left on base; Texas 0 - Lincoln 5
TOP OF THE 5TH
Texas AirHogs batting - Pitching for Lincoln Saltdogs : RHP Luke Spiva
Batting: LHB Felipe Ruiz 0-0: Called Strike
0-1: Swinging Strike
0-2: Ball
1-2: Ball
2-2: Strikes out swinging
Batting: SHB Jose Cervantes 0-0: Called Strike
0-1: Swinging Strike
0-2: Foul Ball, location: 2F
0-2: Fly out, F9 (Flyball, 89D, EV 76.9 MPH)
Batting: RHB Bob Pagano 0-0: Called Strike
0-1: Ball
1-1: Ball
2-1: Called Strike
2-2: Ball
3-2: Foul Ball, location: 2F
3-2: Foul Ball, location: 2RF
3-2: Ground out U3 (Groundball, 13, EV 85.6 MPH)
Top of the 5th over - 0 runs, 0 hits, 0 errors, 0 left on base; Texas 0 - Lincoln 5
BOTTOM OF THE 5TH
Lincoln Saltdogs batting - Pitching for Texas AirHogs : RHP Adam McCaskey
Batting: LHB Gustavo Gomez 0-0: Called Strike
0-1: Ball
1-1: Ball
2-1: Foul Ball, location: 7LSF
2-2: Ball
3-2: Ground out 6-3 (Groundball, 6, EV 83.1 MPH)
Batting: RHB Logan Hoover 0-0: Ground out U3 (Groundball, 34, EV 81.9 MPH)
Batting: LHB Steve Herron 0-0: Foul Ball, location: 2F
0-1: Ball
1-1: Ball
2-1: Called Strike
2-2: Fly out, F7 (Line Drive, 7, EV 107.5 MPH)
Bottom of the 5th over - 0 runs, 0 hits, 0 errors, 0 left on base; Texas 0 - Lincoln 5
TOP OF THE 6TH
Texas AirHogs batting - Pitching for Lincoln Saltdogs : RHP Luke Spiva
Batting: RHB Alex Conchas 0-0: Ball
1-0: SINGLE (Groundball, 4MD, EV 102.5 MPH)
Batting: RHB Gabriel Flores 0-0: Grounds into double play, 5-4-3 (Groundball, 56, EV 88.8 MPH)
Batting: RHB Danny Nunez 0-0: Called Strike
0-1: Ball
1-1: Foul Ball, location: 2F
1-2: Ball
2-2: Foul Ball, location: 5DF
2-2: Strikes out swinging
Top of the 6th over - 0 runs, 1 hit, 0 errors, 0 left on base; Texas 0 - Lincoln 5
BOTTOM OF THE 6TH
Lincoln Saltdogs batting - Pitching for Texas AirHogs : RHP Adam McCaskey
Batting: RHB Mike Lincoln 0-0: Ball
1-0: Ball
2-0: Ball
3-0: Base on Balls
Batting: RHB Luis Villa 0-0: Fly out, F7 (Flyball, 7D, EV 95.0 MPH)
Batting: RHB Jim Rera 0-0: Called Strike
0-1: Ball
1-1: SINGLE (Flyball, 56D, EV 85.6 MPH)
Mike Lincoln to second
Batting: RHB Jordan Ruiz 0-0: Ball
1-0: Called Strike
1-1: Ball
2-1: Called Strike
2-2: Foul Ball, location: 25F
2-2: Foul Ball, location: 3DF
2-2: Foul Ball, location: 3DF
2-2: Grounds into double play, 4-6-3 (Groundball, 4, EV 86.9 MPH)
Bottom of the 6th over - 0 runs, 1 hit, 0 errors, 1 left on base; Texas 0 - Lincoln 5
TOP OF THE 7TH
Texas AirHogs batting - Pitching for Lincoln Saltdogs : RHP Luke Spiva
Batting: RHB Justin Huffstickler 0-0: Swinging Strike
0-1: Swinging Strike
0-2: Strikes out looking
Batting: LHB Dustin Higgins 0-0: Ball
1-0: Ball
2-0: Fly out, F9 (Flyball, 9, EV 91.3 MPH)
Batting: LHB Melvin Valdez 0-0: Called Strike
0-1: Ball
1-1: Ball
2-1: Foul Ball, location: 2F
2-2: Strikes out swinging
Top of the 7th over - 0 runs, 0 hits, 0 errors, 0 left on base; Texas 0 - Lincoln 5
BOTTOM OF THE 7TH
Lincoln Saltdogs batting - Pitching for Texas AirHogs : RHP Adam McCaskey
Pitching: LHP Mario Rico
Batting: RHB Willie Balderas 0-0: Foul Ball, location: 9LMF
0-1: Swinging Strike
0-2: Foul Ball, location: 9LSF
0-2: Ball
1-2: Strikes out swinging
Batting: RHB Ernesto Cruz 0-0: Swinging Strike
0-1: Foul Ball, location: 9LDF
0-2: Ball
1-2: SINGLE (Line Drive, 7S, EV 98.8 MPH)
Batting: LHB Gustavo Gomez 0-0: Ball
Ernesto Cruz steals 2nd base
1-0: Ball
2-0: Ball
3-0: Called Strike
3-1: Base on Balls
Batting: RHB Logan Hoover 0-0: Foul Ball, location: 7LMF
0-1: Ball
Ernesto Cruz steals 3rd base
1-1: Ball
2-1: Grounds into double play, 4-6-3 (Groundball, 4, EV 106.3 MPH)
Bottom of the 7th over - 0 runs, 1 hit, 0 errors, 1 left on base; Texas 0 - Lincoln 5
TOP OF THE 8TH
Texas AirHogs batting - Pitching for Lincoln Saltdogs : RHP Luke Spiva
Batting: LHB Felipe Ruiz 0-0: Ball
1-0: SINGLE (Line Drive, 6D, EV 95.0 MPH)
Batting: SHB Jose Cervantes 0-0: Ball
1-0: Foul Ball, location: 2F
1-1: Foul Ball, location: 3FF
1-2: Foul Ball, location: 2F
1-2: Foul Ball, location: 9LMFF
1-2: Ball
2-2: Fielders Choice at 2nd, 5-4 (Groundball, 25, EV 83.1 MPH)
Pinch Hitting: LHB Kevin Tedder 0-0: Called Strike
0-1: Foul Ball, location: 5SF
0-2: Ball
1-2: Ball
2-2: Fly out, F9 (Flyball, 9, EV 96.3 MPH)
Batting: RHB Alex Conchas 0-0: Ball
1-0: Ball
2-0: Called Strike
2-1: Fly out, F9 (Flyball, 9LM, EV 88.1 MPH)
Top of the 8th over - 0 runs, 1 hit, 0 errors, 1 left on base; Texas 0 - Lincoln 5
BOTTOM OF THE 8TH
Lincoln Saltdogs batting - Pitching for Texas AirHogs : LHP Mario Rico
Now at 2B: Mike Eldred
Batting: LHB Steve Herron 0-0: Ball
1-0: Ground out 4-3 (Groundball, 4, EV 104.4 MPH)
Batting: RHB Mike Lincoln 0-0: Called Strike
0-1: Foul Ball, location: 2F
0-2: Ball
1-2: Ground out 6-3 (Groundball, 6M, EV 79.4 MPH)
Batting: RHB Luis Villa 0-0: Ground out 3-1 (Groundball, 34S, EV 87.5 MPH)
Bottom of the 8th over - 0 runs, 0 hits, 0 errors, 0 left on base; Texas 0 - Lincoln 5
TOP OF THE 9TH
Texas AirHogs batting - Pitching for Lincoln Saltdogs : RHP Luke Spiva
Batting: RHB Gabriel Flores 0-0: Foul Ball, location: 2LF
0-1: Ball
1-1: Ball
2-1: Ball
3-1: Ground out 5-3 (Groundball, 56S, EV 92.5 MPH)
Batting: RHB Danny Nunez 0-0: Swinging Strike
0-1: Ball
1-1: Fly out, F8 (Flyball, 8RD, EV 108.8 MPH)
Batting: RHB Justin Huffstickler 0-0: Fly out, F4 (Popup, 23, EV 80.0 MPH)
Top of the 9th over - 0 runs, 0 hits, 0 errors, 0 left on base; Texas 0 - Lincoln 5
Saturday, May 11th , 2024 - OOTP Baseball 24.11 Build 85